 Dungeon Crawl Stone Soup version 0.31-a0-700-gf13585253f (webtiles) character file.

Game seed: 14360062146069624312

2783 cforsyth the Fighter (level 10, -9/71 HPs)
             Began as a Djinni Chaos Knight on Sept 7, 2023.
             Was a Follower of Hepliaklqana.
             Mangled by a wight
             ... wielding a +3 halberd
              (17 damage)
             ... on level 6 of the Dungeon.
             The game lasted 00:14:27 (5549 turns).

cforsyth the Fighter (Djinni Chaos Knight)          Turns: 5549, Time: 00:14:28

Health: -9/71      AC:  6    Str: 11    XL:     10   Next: 1%
Gold:   431        EV: 12    Int: 17    God:    Hepliaklqana [*.....] SH:  0 Dex: 14

rFire   + + .        a - +1 falchion (drain)
rCold   x . .        (no shield)
rNeg    . . .        n - +1 troll leather armour {Pargi}
rPois   ∞            h - +0 helmet
rElec   .            (no cloak)
rCorr   .            (no gloves)
SInv    .            (boots unavailable)
Will    +....        (no amulet)
Stlth   +            (no ring)
HPRegen 1.11/turn    (no ring)
MPRegen 0.00/turn

%: infuse magic (-10 HP)
@: flying
A: reduced essence, sickness immunity, fire resistance 2, cold vulnerability 1,
float, innate caster, HP casting, extra vitality 1, shaggy fur 1
a: Renounce Religion, Recall Ancestor, Ancestor Identity


You were on level 6 of the Dungeon.
You worshipped Hepliaklqana.
Hepliaklqana was aware of your devotion.
You visited 2 branches of the dungeon, and saw 7 of its levels.
You also visited: Ossuary.

You collected 431 gold pieces.

Inventory:

Hand Weapons
 a - a +1 falchion of draining (weapon)
Armour
 b - a +2 leather armour
 h - a +0 helmet (worn)
 n - a +1 troll leather armour (worn) {Pargi}
Wands
 t - a wand of flame (2)
Scrolls
 c - 4 scrolls of identify
 e - a scroll of enchant weapon
 f - 2 scrolls of teleportation
 k - a scroll of summoning
 o - 3 scrolls of poison
 q - a scroll of brand weapon
 s - 2 scrolls of enchant armour
 v - 3 scrolls of fog {unknown}
Potions
 d - 3 potions of brilliance
 g - a potion of attraction {unknown}
 i - 2 potions of lignification {unknown}
 j - a potion of haste {unknown}
 l - 3 potions of heal wounds
 m - 6 potions of curing
 p - 2 potions of mutation {unknown}
 r - a potion of cancellation {unknown}
 u - 2 potions of might {unknown}
 w - a potion of berserk rage {unknown}


   Skills:
 + Level 9.6 Fighting
 - Level 2.9 Long Blades
 - Level 1.4 Armour
 - Level 2.5 Dodging
 + Level 6.6 Spellcasting
 + Level 6.6 Conjurations
 + Level 6.6 Hexes
   Level 0.0 Charms
 + Level 6.6 Summonings
 + Level 6.6 Necromancy
 + Level 6.6 Translocations
 + Level 6.6 Transmutations
 + Level 6.6 Fire Magic
 + Level 6.6 Ice Magic
 + Level 6.6 Air Magic
 + Level 6.6 Earth Magic
 + Level 6.6 Poison Magic


You knew the following spells:

 Your Spells              Type           Power      Damage    Failure   Level
a - Freeze                Ice            100%       1d10      1%          1
b - Poisonous Vapours     Pois/Air       56%        N/A       1%          2
c - Ozocubu's Armour      Ice            28%        N/A       3%          3
d - Hailstorm             Conj/Ice       28%        3d8       3%          3
Your spell library was empty.

Dungeon Overview and Level Annotations

Branches:
Dungeon (6/15)             Temple (1/1) D:4         Ossuary (visited)

Altars:
Ashenzari
Cheibriados
Dithmenos
Gozag
Hepliaklqana
Makhleb
Nemelex Xobeh
Okawaru
Qazlal
Ru
Uskayaw
Wu Jian
Xom
Yredelemnul
Zin
The Shining One

Annotations:
D:3 1 runed translucent door, Crazy Yiuf
D:5 1 runed translucent door, osoart's ghost, novice MiSh


Innate Abilities, Weirdness & Mutations

Your life essence is reduced to manifest your ancestor. (-10% HP)
You are immune to sickness and miasma.
You are immune to poison.
Your flesh is very heat resistant. (rF++)
You are vulnerable to cold. (rC-)
You float through the air rather than walking.
You learn spells naturally, not from books.
Your magical power is your life essence.
You have superior vitality. (+4 MHP)
You are covered in fur. (AC +1)


Message History

Cynebald is destroyed!
A centaur comes into view.
The centaur shouts!
The centaur wields a +0 orcbow.
The centaur shoots an arrow.
The arrow hits you.
The centaur shoots an arrow.
The arrow completely misses you.
The centaur shoots an arrow.
The arrow barely misses you.
The centaur shoots an arrow.
The arrow hits you.
The centaur unwields a +0 orcbow.
The centaur closely misses you. The centaur barely misses you.
You hit the centaur.
The centaur is lightly wounded.
The centaur barely misses you.
The centaur kicks you but does no damage.
The centaur hits you but does no damage.
The centaur kicks you but does no damage.
You hit the centaur.
The centaur is moderately wounded.
The centaur hits you but does no damage.
The centaur kicks you but does no damage.
The centaur hits you. The centaur closely misses you.
You hit the centaur.
The centaur is heavily wounded.
The centaur hits you. The centaur misses you.
You closely miss the centaur.
The centaur is heavily wounded.
The centaur hits you. The centaur misses you.
The centaur hits you but does no damage.
The centaur barely misses you.
The wight hits you with a +3 morningstar of freezing!
* * * LOW HITPOINT WARNING * * *
The wight freezes you.
* * * LOW HITPOINT WARNING * * *
As you read the scroll of summoning, it crumbles to dust.
Wisps of shadow whirl around you...
The centaur hits you but does no damage.
The centaur kicks you.
* * * LOW HITPOINT WARNING * * *
The wight hits you from afar with a +3 halberd!
You die...

#.#.#....#+# #....#
#.#.#.#.......# #....########
#(#R#.#.......# #............
......#.......# #.....#######
..#.#.........# ###'#.#
......#......<# #.#.#
#.#...#.##.#### #.#.#
#.#.....?#.############.#.#######
#.#.#.........hc@zz.....)........
+.#.#.#..#.############)#.#....##
#.#.#.##.# .........#.+....+
#...# ############....# #.#.#
....# ....# ##### #.#.######
R.#......# ###......#


You could see a centaur (ally target), 2 wights and a friendly hound (summoned).

Vanquished Creatures
  Pikel (D:4)
  Grinder (D:3)
  Edmund (D:4)
  Duvessa (D:6)
  An ogre (D:5)
  2 centaurs (D:5)
  A lemure (D:3)
  An elf zombie (Ossuary)
  3 scorpions
  2 wights (D:6)
  Dowan (D:6)
  A human zombie (D:5)
  2 hounds
  An orc priest (D:3)
  A sleepcap (D:6)
  Jessica (D:2)
  2 human skeletons (D:5)
  3 iguanas
  2 scorpion zombies (D:3)
  Natasha (thrice) (D:4)
  5 mummies (Ossuary)
  Robin (D:1)
  6 gnolls
  6 adders
  A white imp (D:5)
  3 ufetubi
  4 adder zombies (Ossuary)
  4 dart slugs
  An orc (D:3)
  4 endoplasms
  A giant cockroach (D:3)
  11 goblins
  9 hobgoblins
  6 quokkas
  6 ball pythons
  4 bats
  4 frilled lizards
  2 goblin zombies (Ossuary)
  2 hobgoblin zombies (Ossuary)
  8 kobolds
  A kobold zombie (Ossuary)
  An orc skeleton (D:5)
  2 orc zombies
  4 quokka zombies (Ossuary)
  2 rats (D:1)
  7 rat zombies (Ossuary)
136 creatures vanquished.

Vanquished Creatures (collateral kills)
  Prince Ribbit (D:5)
  Pargi (D:3)
  An elf skeleton (D:5)
  A troll zombie (Ossuary)
  2 centaur zombies (Ossuary)
  An orc wizard (D:3)
  2 ogre zombies (Ossuary)
  2 mummies (Ossuary)
  A white imp (D:5)
  An ufetubus (D:5)
  An adder zombie (Ossuary)
  An orc (D:3)
  A kobold zombie (Ossuary)
  A quokka zombie (Ossuary)
17 creatures vanquished.

Vanquished Creatures (others)
  An ancestor (D:6)
1 creature vanquished.

Grand Total: 154 creatures vanquished

Notes
Turn   | Place    | Note
-------+----------+-------------------------------------------
     0 | D:1      | cforsyth the Djinni Chaos Knight began the quest for the
                  | Orb.
     0 | D:1      | Reached XP level 1. HP: 20/20 MP: 0/0
   115 | D:1      | XOM: divination: magic mapping
   124 | D:1      | XOM: divination: detect items
   173 | D:1      | Reached XP level 2. HP: 19/25 MP: 0/0
   216 | D:1      | XOM: divination: detect creatures
   377 | D:1      | Reached XP level 3. HP: 20/30 MP: 0/0
   377 | D:1      | Learned a level 1 spell: Freeze
   377 | D:1      | XOM: divination: detect creatures
   493 | D:1      | XOM: cast spell 'Call Canine Familiar'
   533 | D:1      | XOM: divination: magic mapping
   770 | D:2      | Noticed Robin
   776 | D:2      | XOM: divination: magic mapping
   800 | D:1      | Killed Robin
   801 | D:1      | Reached skill level 1 in Spellcasting
   801 | D:1      | Reached skill level 1 in Conjurations
   801 | D:1      | Reached skill level 1 in Hexes
   801 | D:1      | Reached skill level 1 in Summonings
   801 | D:1      | Reached skill level 1 in Necromancy
   801 | D:1      | Reached skill level 1 in Translocations
   801 | D:1      | Reached skill level 1 in Transmutations
   801 | D:1      | Reached skill level 1 in Fire Magic
   801 | D:1      | Reached skill level 1 in Ice Magic
   801 | D:1      | Reached skill level 1 in Air Magic
   801 | D:1      | Reached skill level 1 in Earth Magic
   801 | D:1      | Reached skill level 1 in Poison Magic
   801 | D:1      | Reached XP level 4. HP: 36/36 MP: 0/0
  1262 | D:2      | Noticed Jessica
  1263 | D:2      | XOM: scenery: summon butterflies
  1264 | D:2      | XOM: confuse monster(s)
  1274 | D:2      | Killed Jessica
  1275 | D:2      | Reached skill level 4 in Fighting
  1373 | D:2      | Reached XP level 5. HP: 41/41 MP: 0/0
  1373 | D:2      | Learned a level 2 spell: Poisonous Vapours
  1616 | D:2      | Noticed Sigmund
  1632 | D:2      | Sigmund changed into Sigmund the hound
  1632 | D:2      | Noticed Sigmund
  1632 | D:2      | XOM: polymorph Sigmund -> Sigmund the hound
  1647 | D:2      | Killed Sigmund the hound
  1791 | D:2      | XOM: god gift: 3 scrolls labelled XOEWKADICS {god gift}
  1863 | D:2      | XOM: god gift: 2 bubbling white potions {god gift}
  1981 | D:2      | XOM: divination: magic mapping
  2142 | D:3      | Found a burning altar of Makhleb.
  2151 | D:3      | Noticed Grinder
  2159 | D:3      | XOM: summons friendly shadow imp
  2161 | D:3      | XOM: fog
  2162 | D:3      | Paralysed by Grinder for 3 turns
  2273 | D:3      | XOM: polymorph shadow imp -> white imp
  2287 | D:3      | XOM: fog
  2292 | D:3      | Killed Grinder
  2293 | D:3      | Reached skill level 5 in Fighting
  2293 | D:3      | Reached XP level 6. HP: 49/49 MP: 0/0
  2318 | D:3      | Found a sacrificial altar of Ru.
  2360 | D:3      | Found a runed translucent door.
  2361 | D:3      | Noticed Crazy Yiuf
  2451 | D:3      | Noticed Pargi
  2552 | D:2      | XOM: god gift: bubbling white potion {god gift}
  2644 | D:3      | XOM: summons 6 friendly demons
  2645 | D:3      | Reached XP level 7. HP: 45/54 MP: 0/0
  2645 | D:3      | Learned a level 3 spell: Ozocubu's Armour
  2670 | D:3      | Killed Pargi
  2813 | D:3      | Reached skill level 6 in Fighting
  2819 | D:3      | XOM: scenery: summon butterflies
  2820 | D:3      | Found a basalt altar of Yredelemnul.
  3017 | D:4      | Found a staircase to the Ecumenical Temple.
  3030 | Temple   | Entered the Ecumenical Temple
  3038 | Temple   | Fell from the grace of Xom
  3038 | Temple   | Became a worshipper of Hepliaklqana the Forgotten
  3085 | D:3      | XOM: chaos cloud
  3170 | D:4      | Noticed Natasha
  3192 | D:4      | Killed Natasha
  3251 | D:4      | Found a stormy altar of Qazlal.
  3361 | D:4      | Noticed Pikel
  3362 | D:4      | Noticed Natasha
  3393 | D:4      | Killed Pikel
  3394 | D:4      | Reached skill level 7 in Fighting
  3394 | D:4      | Reached XP level 8. HP: 64/64 MP: 0/0
  3400 | D:4      | Killed Natasha
  3457 | D:4      | Noticed Edmund
  3475 | D:4      | Killed Edmund
  3597 | D:4      | Noticed Natasha
  3607 | D:4      | Killed Natasha
  3608 | D:4      | Reached skill level 5 in Spellcasting
  3608 | D:4      | Reached skill level 5 in Conjurations
  3608 | D:4      | Reached skill level 5 in Hexes
  3608 | D:4      | Reached skill level 5 in Summonings
  3608 | D:4      | Reached skill level 5 in Necromancy
  3608 | D:4      | Reached skill level 5 in Translocations
  3608 | D:4      | Reached skill level 5 in Transmutations
  3608 | D:4      | Reached skill level 5 in Fire Magic
  3608 | D:4      | Reached skill level 5 in Ice Magic
  3608 | D:4      | Reached skill level 5 in Air Magic
  3608 | D:4      | Reached skill level 5 in Earth Magic
  3608 | D:4      | Reached skill level 5 in Poison Magic
  3789 | D:4      | XOM: draining
  3813 | D:5      | Entered Level 5 of the Dungeon
  3854 | D:5      | XOM: polymorph gnoll bouda -> scorpion
  3908 | D:5      | Reached XP level 9. HP: 26/65 MP: 0/0
  3908 | D:5      | Learned a level 3 spell: Hailstorm
  3968 | D:5      | Reached skill level 8 in Fighting
  4144 | D:5      | Found a runed translucent door.
  4144 | D:5      | Noticed osoart's ghost (novice MiSh)
  4149 | D:5      | Reached * piety under Hepliaklqana
  4219 | D:5      | Found a sand-covered staircase.
  4228 | Ossuary  | Entered an ossuary
  4821 | D:5      | Reached skill level 9 in Fighting
  4952 | D:5      | Found an iron altar of Okawaru.
  4953 | D:5      | Found a glowing silver altar of Zin.
  4955 | D:5      | Found a shimmering altar of Xom.
  4955 | D:5      | Found a sparkling altar of Nemelex Xobeh.
  4955 | D:5      | Found a broken altar of Ashenzari.
  4963 | D:5      | Noticed Prince Ribbit
  4973 | D:5      | Killed Prince Ribbit
  5073 | D:5      | XOM: give mutations
  5073 | D:5      | Gained mutation: You are covered in fur. (AC +1) [Xom's
                  | mischief]
  5178 | D:5      | XOM: god gift: book of the Hunter
  5378 | D:6      | Noticed Duvessa
  5378 | D:6      | Noticed Dowan
  5388 | D:6      | Killed Duvessa
  5389 | D:6      | Killed Dowan
  5497 | D:6      | Reached XP level 10. HP: 43/71 MP: 0/0
  5549 | D:6      | Mangled by a wight

Illustrated notes

Levels and vault maps discovered:
D:1:      dpeg_arrival_rooms_c, layout_loops_ring
D:2:      layout_loops_ring, uniq_robin, uniq_jessica, uniq_sigmund
D:3:      layout_rooms, nicolae_ru_awakened_eye,
          lemuel_zombie_altar_yredelemnul, mainiacjoe_overflow_catwalk,
          nicolae_kite_square_tiling_tiny, minmay_misc_feat_x, uniq_pargi,
          uniq_crazy_yiuf_cottage, uniq_grinder
D:4:      layout_basic, grunt_qazlal_clouds, minmay_temple_entry_steel_oval,
          uniq_pikel, uniq_natasha, uniq_edmund
D:5:      layout_loops_ring, grunt_temple_overflow_open,
          nicolae_ossuary_entry_catacombs, ebering_ghost_inner_flame,
          uniq_prince_ribbit1
D:6:      layout_basic, uniq_duvessa
Temple:   nicolae_temple_colour_theory

Skill      XL: |  1  2  3  4  5  6  7  8  9 |
---------------+----------------------------+-----
Spellcasting   | 1 2 3 4 5 6 |  6.6
Conjurations   | 1 2 3 4 5 6 |  6.6
Hexes          | 1 2 3 4 5 6 |  6.6
Summonings     | 1 2 3 4 5 6 |  6.6
Necromancy     | 1 2 3 4 5 6 |  6.6
Translocations | 1 2 3 4 5 6 |  6.6
Transmutations | 1 2 3 4 5 6 |  6.6
Fire Magic     | 1 2 3 4 5 6 |  6.6
Ice Magic      | 1 2 3 4 5 6 |  6.6
Air Magic      | 1 2 3 4 5 6 |  6.6
Earth Magic    | 1 2 3 4 5 6 |  6.6
Poison Magic   | 1 2 3 4 5 6 |  6.6
Fighting       | 4 5 7 9 |  9.6
Long Blades    | |  2.9
Armour         | |  1.4
Dodging        | |  2.5

Action                     |  1- 3 |  4- 6 |  7- 9 | 10-12 || total
---------------------------+-------+-------+-------+-------++-------
  Melee: Falchion          |    69 |   105 |   355 |    10 ||   539
         Punch             |       |     3 |     6 |       ||     9
   Cast: Freeze            |       |     9 |     4 |       ||    13
         Poisonous Vapours |       |    11 |    67 |       ||    78
         Ozocubu's Armour  |       |       |     4 |     1 ||     5
         Hailstorm         |       |       |     4 |       ||     4
  Evoke: Wand              |       |       |    12 |       ||    12
    Use: Scroll            |       |       |    14 |     1 ||    15
   Stab: Sleeping          |       |     1 |       |       ||     1
         Confused          |       |     1 |     1 |       ||     2
         Distracted        |       |       |     2 |       ||     2
 Armour: Leather armour    |    42 |    84 |       |       ||   126
         Troll leather arm |       |       |   269 |    24 ||   293
  Dodge: Dodged            |    38 |    77 |   244 |    14 ||   373

Table legend: (Time is in decaauts)
 A = Elapsed time spent in this place.
 B = Non-inter-level travel time spent in this place.
 C = Inter-level travel time spent in this place.
 D = Time resting spent in this place.
 E = Time spent auto-exploring this place.
 F = Levels seen in this place.
 G = Mean time per level.
                   A        B        C        D        E       F      G
               +--------+--------+--------+--------+--------+-----+--------+
         Total |   5637 |   5520 |    117 |    665 |   3074 |   8 |  704.6 |
       Dungeon |   5017 |   4908 |    109 |    565 |   2797 |   6 |  836.2 |
        Temple |     16 |      8 |      8 |      0 |      0 |   1 |   16.0 |
       Ossuary |    603 |    603 |      0 |    100 |    277 |   1 |  603.0 |
               +--------+--------+--------+--------+--------+-----+--------+

Top non-repeatable levels by time:
     D:1: 1116 daAuts
     D:2: 1107 daAuts
     D:5: 956 daAuts
     D:3: 893 daAuts
     D:4: 726 daAuts
 Ossuary: 603 daAuts
     D:6: 218 daAuts
  Temple: 16 daAuts
